 Dungeon Crawl Stone Soup version 0.31-a0-152-g6aa68a64a1 (webtiles) character file.

Game seed: 15473625920497993168

1090 qw the Shooter (level 8, -2/73 HPs)
             Began as a Naga Hunter on June 9, 2023.
             Was a Follower of Okawaru.
             Slain by a gnoll
             ... wielding a +0 halberd
             ... led by a gnoll sergeant
              (10 damage)
             ... on level 5 of the Dungeon.
             The game lasted 00:01:46 (5012 turns).

qw the Shooter (Naga Hunter)                        Turns: 5012, Time: 00:01:47

Health: -2/73      AC: 11    Str: 14    XL:     8   Next: 31%
Magic:  9/11       EV: 11    Int: 10    God:    Okawaru [*.....]
Gold:   223        SH:  0    Dex: 16    Spells: 7/7 levels left

rFire   . . .        Y - +0 shortbow
rCold   . . .        (shield currently unavailable)
rNeg    + . .        g - +1 robe of Fouckof {Fly rN+}
rPois   +            h - +0 helmet
rElec   .            (no cloak)
rCorr   .            (no gloves)
SInv    +            m - +0 barding
Will    +....        (no amulet)
Stlth   +++          (no ring)
HPRegen 0.32/turn    (no ring)
MPRegen 0.12/turn

%: no passive effects
@: short of breath, heroic, flying, very slow
A: AC +2, large, see invisible, deformed body, poison resistance, slowness 2,
spit poison 1, naga tail 1
a: Spit Poison, Renounce Religion, Heroism


You were on level 5 of the Dungeon.
You worshipped Okawaru.
Okawaru was aware of your devotion.
You visited 1 branch of the dungeon, and saw 5 of its levels.

You collected 223 gold pieces.


Innate Abilities, Weirdness & Mutations

Your serpentine skin is tough. (AC +2)
You have supernaturally acute eyesight. (SInv)
Armour fits poorly on your strangely shaped body.
Your system is resistant to poisons. (rPois)
You cover ground very slowly.
You can spit poison.
You have a snake-like lower body.


   Skills:
 - Level 4.8(9.8) Fighting
 + Level 7.0(12.0) Ranged Weapons
 - Level 2.1(7.1) Armour
 - Level 2.2(7.2) Dodging
 - Level 1.5(6.5) Stealth
 - Level 4.0 Invocations


You had 7 spell levels left.
You didn't know any spells.
Your spell library was empty.

Inventory:

Hand Weapons
 Y - a +0 shortbow (weapon)
Armour
 g - the +1 robe of Fouckof (worn) {Fly rN+}
   (You found it on level 4 of the Dungeon)

   rN:        It protects you from negative energy.
   Fly:       It grants you flight.
 h - a +0 helmet (worn)
 m - a +0 barding (worn)
Scrolls
 a - a scroll of immolation {unknown}
 b - a scroll of identify
Potions
 d - a potion of curing
 e - a potion of magic
 f - a potion of mutation
 j - a potion of degeneration {unknown}
 l - a potion of haste

Dungeon Overview and Level Annotations

Branches:
Dungeon (5/15)             Temple (0/1) D:4

Altars:
Ashenzari
Kikubaaqudgha
Nemelex Xobeh
Okawaru
Trog
Uskayaw
Vehumet
Xom
Zin

Shops:
D:5 =

Annotations:
D:2 1 runed translucent door, Crazy Yiuf
D:3 1 transporter


Message History

Aiming: Spit Poison (1% risk of failure)
Press: ? - help, Shift-Dir - straight line, f/p - gnoll sergeant The splash of poison hits the gnoll sergeant!
The gnoll sergeant is almost dead.
The gnoll sergeant closely misses you.
The gnoll hits you from afar with a +0 spear.
The gnoll closely misses you.
You shoot an arrow. The arrow hits the gnoll sergeant.
You kill the gnoll sergeant!
Okawaru accepts your kill.
A gnoll comes into view. It is wielding a +0 spear.
The gnoll hits you from afar with a +0 halberd!
The gnoll hits you but does no damage.
Your Invocations skill increases to level 4!
You shoot an arrow. The arrow hits the gnoll.
The gnoll is moderately wounded.
The gnoll hits you but does no damage.
The gnoll hits you from afar with a +0 halberd.
The gnoll hits you from afar with a +0 spear.
You shoot an arrow. The arrow hits the gnoll!
You kill the gnoll!
Okawaru accepts your kill.
A gnoll comes into view. It is wielding a +0 flail.
The gnoll closely misses you. x2
Your base Ranged Weapons skill increases to level 7!
You shoot an arrow. The arrow barely misses the gnoll.
The gnoll closely misses you. The gnoll misses you.
You shoot an arrow. The arrow hits the gnoll!
The gnoll is almost dead.
You have got your breath back.
5011 ||| INVOKING Spit Poison.
Aiming: Spit Poison (1% risk of failure)
Press: ? - help, Shift-Dir - straight line, f/p - gnoll The splash of poison hits the gnoll.
The gnoll is poisoned.
You kill the gnoll!
Okawaru accepts your kill. The gnoll closely misses you.
The gnoll barely misses you.
You shoot an arrow. The arrow barely misses the gnoll.
The gnoll hits you from afar with a +0 halberd!
You die...

#..#......(#
#..#
#..#.......#
#..#
+..'###+###+
+..#
#..#.'...+
#..#
#..#.#...#
#..#
'##'.#._.#
+... #
#g.#.#...#
#.##
#g#..#.+...+
#.)@.'###+##
#)#..#.......
# #..#.......
###+###+###


You could see 2 gnolls.

Vanquished Creatures
  Sigmund (D:4)
  Edmund (D:4)
  An orc warrior (D:5)
  A sky beast (D:5)
  A black bear (D:5)
  An ogre (D:4)
  A gnoll sergeant (D:5)
  2 hounds
  A jelly (D:5)
  A sleepcap (D:4)
  An iguana (D:5)
  An orc wizard (D:5)
  6 gnolls
  7 adders
  An ufetubus (D:5)
  3 worms
  6 dart slugs
  2 orcs
  8 bats
  11 endoplasms
  5 goblins
  5 hobgoblins
  10 jackals
  6 kobolds
  4 quokkas
  7 ball pythons
  7 frilled lizards
  7 rats
108 creatures vanquished.

Notes
Turn   | Place    | Note
-------+----------+-------------------------------------------
     0 | D:1      | qw the Naga Hunter began the quest for the Orb.
     0 | D:1      | Reached XP level 1. HP: 19/19 MP: 1/1
     0 | D:1      | 0 ||| qw: Version: 0.2-a-122-gbc61b45
     0 | D:1      | 0 ||| qw: Game counter: 3308
     0 | D:1      | 0 ||| qw: Always use a shield: true
     0 | D:1      | 0 ||| qw: God list: Okawaru
     0 | D:1      | 0 ||| qw: Allow faded altars: false
     0 | D:1      | 0 ||| qw: Do Orc after D:15 true
     0 | D:1      | 0 ||| qw: Do second Lair branch before Depths: true
     0 | D:1      | 0 ||| qw: Lair rune preference: random
     0 | D:1      | 0 ||| qw: Plans: Normal
     0 | D:1      | 0 ||| PLANNING D:1-11
    32 | D:1      | 32 ||| INVOKING Spit Poison.
    38 | D:1      | 38 ||| INVOKING Spit Poison.
    76 | D:1      | 76 ||| INVOKING Spit Poison.
    80 | D:1      | Reached skill level 4 in Ranged Weapons
    80 | D:1      | Reached XP level 2. HP: 26/26 MP: 2/2
    82 | D:1      | 82 ||| INVOKING Spit Poison.
   137 | D:1      | 137 ||| INVOKING Spit Poison.
   143 | D:1      | 143 ||| INVOKING Spit Poison.
   209 | D:1      | 209 ||| INVOKING Spit Poison.
   225 | D:1      | 225 ||| INVOKING Spit Poison.
   279 | D:1      | 279 ||| INVOKING Spit Poison.
   345 | D:1      | 345 ||| INVOKING Spit Poison.
   351 | D:1      | 351 ||| INVOKING Spit Poison.
   352 | D:1      | Reached XP level 3. HP: 32/32 MP: 3/3
   405 | D:1      | 405 ||| INVOKING Spit Poison.
   485 | D:1      | 485 ||| INVOKING Spit Poison.
   497 | D:1      | 497 ||| INVOKING Spit Poison.
   502 | D:1      | 502 ||| INVOKING Spit Poison.
   520 | D:1      | 520 ||| INVOKING Spit Poison.
   521 | D:1      | 521 ||| INVOKING Spit Poison.
   790 | D:1      | 790 ||| UPGRADING to amulet of guardian spirit.
   795 | D:1      | 795 ||| READING scroll labelled LIPAXO RATZOP.
   796 | D:1      | 796 ||| READING scroll labelled LEUSHA VAP QAA.
   797 | D:1      | 797 ||| DRINKING 2 blue potions.
   798 | D:1      | 798 ||| DROPPING scroll of butterflies.
   932 | D:2      | 932 ||| INVOKING Spit Poison.
   937 | D:2      | 937 ||| INVOKING Spit Poison.
   939 | D:2      | Reached skill level 5 in Ranged Weapons
   939 | D:2      | Reached XP level 4. HP: 13/39 MP: 0/4
   939 | D:2      | HP: 8/39 [gnoll/+0 halberd (5)]
   940 | D:2      | 940 ||| INVOKING Spit Poison.
  1090 | D:2      | 1090 ||| INVOKING Spit Poison.
  1096 | D:2      | 1096 ||| INVOKING Spit Poison.
  1100 | D:2      | HP: 10/40 [poisoned by an adder]
  1236 | D:2      | 1236 ||| INVOKING Spit Poison.
  1275 | D:2      | 1275 ||| INVOKING Spit Poison.
  1292 | D:2      | 1292 ||| INVOKING Spit Poison.
  1317 | D:2      | 1317 ||| INVOKING Spit Poison.
  1321 | D:2      | 1321 ||| INVOKING Spit Poison.
  1325 | D:2      | 1325 ||| INVOKING Spit Poison.
  1383 | D:2      | 1383 ||| INVOKING Spit Poison.
  1390 | D:2      | 1390 ||| INVOKING Spit Poison.
  1397 | D:2      | 1397 ||| INVOKING Spit Poison.
  1452 | D:2      | 1452 ||| INVOKING Spit Poison.
  1455 | D:2      | 1455 ||| INVOKING Spit Poison.
  1462 | D:2      | 1462 ||| INVOKING Spit Poison.
  1463 | D:2      | Reached skill level 3 in Fighting
  1497 | D:2      | 1497 ||| INVOKING Spit Poison.
  1513 | D:2      | 1513 ||| INVOKING Spit Poison.
  1514 | D:2      | 1514 ||| INVOKING Spit Poison.
  1645 | D:2      | 1645 ||| INVOKING Spit Poison.
  1754 | D:2      | Found a runed translucent door.
  1755 | D:2      | Noticed Crazy Yiuf
  2015 | D:2      | 2015 ||| UPGRADING to +0 helmet.
  2020 | D:2      | 2020 ||| READING 2 scrolls labelled NECSUSHALI.
  2021 | D:2      | 2021 ||| READING scroll labelled KYCIOPPYJOV.
  2022 | D:2      | 2022 ||| READING scroll labelled BOPHYPRYODA.
  2067 | D:3      | 2067 ||| INVOKING Spit Poison.
  2069 | D:3      | 2069 ||| STAIRDANCE
  2072 | D:2      | Reached XP level 5. HP: 38/49 MP: 5/5
  2073 | D:2      | 2073 ||| INVOKING Spit Poison.
  2197 | D:3      | 2197 ||| INVOKING Spit Poison.
  2200 | D:3      | 2200 ||| STAIRDANCE
  2202 | D:2      | 2202 ||| INVOKING Spit Poison.
  2342 | D:3      | 2342 ||| INVOKING Spit Poison.
  2347 | D:3      | 2347 ||| INVOKING Spit Poison.
  2353 | D:3      | 2353 ||| INVOKING Spit Poison.
  2375 | D:3      | Found an iron altar of Okawaru.
  2377 | D:3      | 2377 ||| PLANNING OKAWARU WORSHIP
  2377 | D:3      | 2377 ||| READING scroll labelled MAUSAG FEFE.
  2378 | D:3      | 2378 ||| DRINKING 2 sedimented sapphire potions.
  2386 | D:3      | Became a worshipper of Warmaster Okawaru
  2386 | D:3      | 2386 ||| PLANNING D:1-11
  2387 | D:3      | 2387 ||| REMOVING amulet of guardian spirit.
  2486 | D:3      | 2486 ||| INVOKING Spit Poison.
  2492 | D:3      | 2492 ||| INVOKING Spit Poison.
  2514 | D:3      | 2514 ||| INVOKING Spit Poison.
  2519 | D:3      | 2519 ||| INVOKING Spit Poison.
  2531 | D:3      | 2531 ||| INVOKING Spit Poison.
  2537 | D:3      | 2537 ||| INVOKING Spit Poison.
  2577 | D:3      | 2577 ||| INVOKING Spit Poison.
  2610 | D:3      | Found a sparkling altar of Nemelex Xobeh.
  2610 | D:3      | Found a transporter.
  2611 | D:3      | Noticed an ogre
  2619 | D:3      | 2619 ||| INVOKING Spit Poison.
  2823 | D:3      | Found a bloodstained altar of Trog.
  3031 | D:3      | Noticed a +0 dagger
  3032 | D:3      | Noticed a +0 dagger
  3036 | D:3      | Found a hide-covered altar of Uskayaw.
  3106 | D:3      | 3106 ||| UPGRADING to +0 barding.
  3111 | D:3      | 3111 ||| DROPPING amulet of guardian spirit.
  3112 | D:3      | 3112 ||| READING scroll labelled ZEKYNAAWNU.
  3116 | D:3      | 3116 ||| DRINKING 2 amethyst potions.
  3117 | D:3      | 3117 ||| DROPPING potion of enlightenment.
  3138 | D:4      | 3138 ||| PLANNING SEWER
  3181 | D:4      | Noticed an ogre
  3184 | D:4      | 3184 ||| INVOKING Spit Poison.
  3187 | D:4      | Killed an ogre
  3188 | D:4      | Reached XP level 6. HP: 56/56 MP: 6/6
  3214 | D:4      | 3214 ||| INVOKING Spit Poison.
  3236 | D:4      | 3236 ||| INVOKING Spit Poison.
  3242 | D:4      | 3242 ||| INVOKING Spit Poison.
  3248 | D:4      | Noticed Edmund
  3251 | D:4      | 3251 ||| INVOKING Spit Poison.
  3257 | D:4      | 3257 ||| INVOKING Spit Poison.
  3264 | D:4      | 3264 ||| INVOKING Spit Poison.
  3264 | D:4      | HP: 14/56 [poisoned by Edmund]
  3265 | D:4      | 3265 ||| DRINKING 2 potions of heal wounds.
  3267 | D:4      | Killed Edmund
  3267 | D:4      | Reached * piety under Okawaru
  3268 | D:4      | Reached skill level 6 in Ranged Weapons
  3409 | D:4      | Identified the +1 robe of Fouckof {Fly rN+}
  3481 | D:4      | Found an ancient bone altar of Kikubaaqudgha.
  3484 | D:4      | 3484 ||| INVOKING Spit Poison.
  3490 | D:4      | 3490 ||| INVOKING Spit Poison.
  3508 | D:4      | 3508 ||| INVOKING Spit Poison.
  3592 | D:4      | 3592 ||| INVOKING Heroism.
  3655 | D:4      | 3655 ||| RIP SEWER
  3697 | D:4      | 3697 ||| PLANNING D:1-11
  3747 | D:4      | Found a staircase to the Ecumenical Temple.
  3752 | D:4      | 3752 ||| INVOKING Spit Poison.
  3767 | D:4      | 3767 ||| INVOKING Spit Poison.
  3768 | D:4      | Reached XP level 7. HP: 62/62 MP: 7/7
  3860 | D:4      | 3860 ||| INVOKING Spit Poison.
  4003 | D:4      | 4003 ||| INVOKING Spit Poison.
  4074 | D:4      | Noticed Sigmund
  4076 | D:4      | 4076 ||| INVOKING Heroism.
  4077 | D:4      | 4077 ||| INVOKING Spit Poison.
  4081 | D:4      | 4081 ||| INVOKING Spit Poison.
  4084 | D:4      | Killed Sigmund
  4122 | D:4      | 4122 ||| UPGRADING to +1 robe of Fouckof {Fly rN+}.
  4132 | D:4      | 4132 ||| DROPPING +0 leather armour.
  4133 | D:4      | 4133 ||| READING scroll labelled ZIRPHO UNUO.
  4134 | D:4      | 4134 ||| DRINKING 2 green potions.
  4135 | D:4      | 4135 ||| READING 4 scrolls of identify.
  4135 | D:4      | 4135 ||| IDENTIFYING orange potion
  4136 | D:4      | 4136 ||| READING 3 scrolls of identify.
  4136 | D:4      | 4136 ||| IDENTIFYING lumpy emerald potion
  4137 | D:4      | 4137 ||| READING 2 scrolls of identify.
  4137 | D:4      | 4137 ||| IDENTIFYING viscous clear potion
  4138 | D:4      | 4138 ||| DROPPING potion of brilliance.
  4158 | D:5      | Entered Level 5 of the Dungeon
  4160 | D:5      | 4160 ||| INVOKING Spit Poison.
  4165 | D:5      | Reached skill level 1 in Invocations
  4178 | D:5      | Found a glowing silver altar of Zin.
  4212 | D:5      | 4212 ||| INVOKING Heroism.
  4213 | D:5      | 4213 ||| INVOKING Spit Poison.
  4249 | D:5      | Found a broken altar of Ashenzari.
  4264 | D:5      | 4264 ||| INVOKING Spit Poison.
  4282 | D:5      | 4282 ||| INVOKING Heroism.
  4283 | D:5      | 4283 ||| INVOKING Spit Poison.
  4291 | D:5      | 4291 ||| INVOKING Spit Poison.
  4295 | D:5      | 4295 ||| INVOKING Spit Poison.
  4297 | D:5      | 4297 ||| INVOKING Heroism.
  4301 | D:5      | HP: 16/66 [orc warrior/+0 battleaxe (12)]
  4302 | D:5      | 4302 ||| READING scroll of teleportation.
  4303 | D:5      | 4303 ||| DRINKING potion of heal wounds.
  4304 | D:5      | 4304 ||| INVOKING Spit Poison.
  4480 | D:5      | 4480 ||| INVOKING Spit Poison.
  4483 | D:5      | 4483 ||| INVOKING Spit Poison.
  4487 | D:5      | 4487 ||| INVOKING Spit Poison.
  4545 | D:5      | 4545 ||| INVOKING Heroism.
  4549 | D:5      | Reached skill level 3 in Invocations
  4549 | D:5      | Reached XP level 8. HP: 73/73 MP: 7/10
  4550 | D:5      | 4550 ||| INVOKING Spit Poison.
  4554 | D:5      | 4554 ||| INVOKING Spit Poison.
  4559 | D:5      | 4559 ||| INVOKING Spit Poison.
  4563 | D:5      | 4563 ||| INVOKING Spit Poison.
  4564 | D:5      | 4564 ||| INVOKING Heroism.
  4569 | D:5      | 4569 ||| INVOKING Spit Poison.
  4577 | D:5      | 4577 ||| INVOKING Spit Poison.
  4761 | D:5      | Found a radiant altar of Vehumet.
  4770 | D:5      | 4770 ||| INVOKING Spit Poison.
  4775 | D:5      | 4775 ||| INVOKING Spit Poison.
  4778 | D:5      | 4778 ||| INVOKING Spit Poison.
  4963 | D:5      | Found Jatusol's Jewellery Boutique.
  4969 | D:5      | 4969 ||| SHOPLISTING +4 ring of protection (504 gold, have
                  | 223).
  4969 | D:5      | 4969 ||| SHOPLISTING +4 ring of slaying (1092 gold, have
                  | 223).
  4969 | D:5      | 4969 ||| SHOPLISTING +6 ring of dexterity (504 gold, have
                  | 223).
  4969 | D:5      | 4969 ||| SHOPLISTING +6 ring of strength (504 gold, have
                  | 223).
  4969 | D:5      | 4969 ||| SHOPLISTING amulet of reflection (420 gold, have
                  | 223).
  4980 | D:5      | Found a shimmering altar of Xom.
  4992 | D:5      | 4992 ||| INVOKING Spit Poison.
  4999 | D:5      | 4999 ||| INVOKING Spit Poison.
  5001 | D:5      | 5001 ||| INVOKING Heroism.
  5005 | D:5      | 5005 ||| INVOKING Spit Poison.
  5006 | D:5      | HP: 12/73 [gnoll/+0 halberd[a gnoll sergeant] (12)]
  5009 | D:5      | Reached skill level 7 in Ranged Weapons
  5011 | D:5      | 5011 ||| INVOKING Spit Poison.
  5012 | D:5      | Slain by a gnoll

Levels and vault maps discovered:
D:1:      eino_arrival_cavern_b, layout_loops_cross, minmay_tetromino_s2
D:2:      layout_basic, minmay_mini_jars, uniq_crazy_yiuf_cottage
D:3:      layout_loops_ring, old_standard_altar, dancing_weapons_uskayaw,
          grunt_nemelex_the_gamble, trog_book, st_stairs_13, grunt_ministairs_13
D:4:      layout_basic, nicolae_kikubaaqudgha_miasma_corner,
          minmay_temple_entry_statues_fountains, portal_sewer_entry_d,
          solitary_fountain, sigmund_edmund_badplayer, uniq_edmund
D:5:      layout_rooms, cheibrodos_ashenzari_chains, general_overflow_altar,
          zin_statuary, mainiacjoe_overflow_24_doors,
          minmay_shop_enchanted_jewellery, minivault_4

Skill      XL: |  1  2  3  4  5  6  7  8 |
---------------+-------------------------+-----
Ranged Weapons | 4 5 6 7 |  7.0
Fighting       | 3 4 |  4.8
Armour         | 2 |  2.1
Invocations    | 3 4 |  4.0
Dodging        | 2 |  2.2
Stealth        | |  1.5

Action                     |  1- 3 |  4- 6 |  7- 9 || total
---------------------------+-------+-------+-------++-------
   Fire: Shortbow          |    56 |   137 |    92 ||   285
 Invoke: Heroism           |       |     1 |     7 ||     8
Ability: Spit Poison       |    18 |    45 |    27 ||    90
    Use: Scroll            |     2 |     5 |     5 ||    12
         Potion            |     1 |     3 |     2 ||     6
 Armour: Leather armour    |     4 |    34 |     1 ||    39
         Robe              |       |       |    27 ||    27
  Dodge: Dodged            |    17 |    60 |    44 ||   121

Table legend:
 A = Non-vault XP
 B = Vault XP
 C = Vault XP percentage of total XP
 D = Non-vault monster count
 E = Vault monster count
 F = Vault count percentage of total count
                 A         B        C        D         E       F
            +---------+---------+-------+---------+---------+-------
      Total |    1119 |     439 |  28.2 |      90 |      18 |  16.7
            +---------+---------+-------+---------+---------+-------
        D:1 |      51 |       2 |   3.8 |      29 |       2 |   6.5
        D:2 |      91 |      32 |  26.0 |      16 |      12 |  42.9
        D:3 |      40 |       2 |   4.8 |      14 |       1 |   6.7
        D:4 |     237 |     403 |  63.0 |      16 |       3 |  15.8
        D:5 |     700 |       0 |   0.0 |      15 |       0 |   0.0
            +---------+---------+-------+---------+---------+-------
